 Dungeon Crawl Stone Soup version 0.30-a0-956-gcec3b41aec (webtiles) character file.

Game seed: 1687841369333674473

611 themarg the Summoner (level 7, -3/46 HPs)
             Began as a Merfolk Summoner on Mar 29, 2023.
             Was an Initiate of Sif Muna.
             Shot with an arrow by a centaur (13 damage)
             ... on level 5 of the Dungeon.
             The game lasted 00:13:10 (4789 turns).

themarg the Summoner (Merfolk Summoner)             Turns: 4789, Time: 00:13:10

Health: -3/46      AC:  3    Str:  9    XL:     7   Next: 44%
Magic:  5/10       EV: 12    Int: 16    God:    Sif Muna [......]
Gold:   176        SH:  0    Dex: 14    Spells: 4/10 levels left

rFire   . . .      SeeInvis .    p - +0 spear
rCold   . . .      Faith    .    (no shield)
rNeg    . . .      Spirit   .    a - +0 robe
rPois   .          Reflect  .    (no helmet)
rElec   .          Rampage  .    h - +0 cloak
rCorr   .                        (no gloves)
Will    .....                    (no boots)
Stlth   ++                       (no amulet)
HPRegen 0.27/turn                (no ring)
MPRegen 0.12/turn                (no ring)

@: no status effects
A: (nimble swimmer 2), mertail
a: Renounce Religion


You were on level 5 of the Dungeon.
You worshipped Sif Muna.
Sif Muna was noncommittal.
You visited 2 branches of the dungeon, and saw 6 of its levels.

You collected 176 gold pieces.

Inventory:

Hand Weapons
 g - a +0 dagger
 p - a +0 spear (weapon)
 v - a +2 vampiric short sword
Missiles
 c - 61 stones
 l - a throwing net
 z - 2 boomerangs
 A - 10 poisoned darts
 C - 6 curare-tipped darts
Armour
 a - a +0 robe (worn)
 h - a +0 cloak (worn)
 m - the +1 robe of Tecvyj {rN+ rCorr Stlth+}
   (You found it on level 4 of the Dungeon)

   rN:        It protects you from negative energy.
   rCorr:     It protects you from acid and corrosion.
   Stlth:     It makes you more stealthy.
Jewellery
 n - a +6 ring of intelligence
 o - a ring of see invisible
 x - a ring of resist corrosion
 y - a ring of fire
Wands
 H - a wand of quicksilver (6)
Scrolls
 e - a scroll of brand weapon {unknown}
 i - a scroll of amnesia {unknown}
 j - a scroll of enchant weapon {unknown}
 q - 3 scrolls of fog
 s - 3 scrolls of enchant armour {unknown}
 t - a scroll of immolation {unknown}
 w - a scroll of noise {unknown}
 B - 3 scrolls of teleportation {unknown}
 E - a scroll of fear {unknown}
Potions
 b - a potion of magic
 d - a potion of mutation
 f - a potion of lignification
 k - a potion of attraction {unknown}
 r - 2 potions of degeneration {unknown}
 u - 2 potions of curing {unknown}
 D - a potion of flight {unknown}
 F - a potion of haste {unknown}
 G - a potion of might {unknown}
 I - a potion of invisibility


   Skills:
 - Level 2.6 Dodging
 - Level 3.0 Stealth
 - Level 2.0 Spellcasting
 + Level 8.7 Summonings


You had 4 spell levels left.
You knew the following spells:

 Your Spells              Type           Power      Damage    Failure   Level
a - Summon Small Mammal   Summ           100%       N/A       1%          1
b - Call Imp              Summ           29%        N/A       1%          2
c - Call Canine Familiar  Summ           29%        N/A       1%          3

Your spell library contained the following spells:

 Spells                   Type           Power      Damage    Failure   Level
 Summon Guardian Golem    Hex/Summ       15%        N/A       11%         3
 Beastly Appendage        Tmut           2%         N/A       21%         1
 Sandblast                Erth           2%         2d4       21%         1
 Slow                     Hex            4%         N/A       21%         1
 Passwall                 Tmut/Erth      0%         N/A       30%         2
 Wereblood                Tmut           1%         N/A       30%         2
 Summon Lightning Spire   Summ/Air       15%        N/A       34%         4
 Confusing Touch          Hex            1%         N/A       52%         3
 Ozocubu's Armour         Ice            1%         N/A       52%         3
 Portal Projectile        Hex/Tloc       2%         N/A       52%         3
 Spider Form              Tmut/Pois      1%         N/A       52%         3
 Stone Arrow              Conj/Erth      2%         3d7       52%         3
 Tukima's Dance           Hex            1%         N/A       52%         3
 Vampiric Draining        Necr           1%         2d6       52%         3
 Blade Hands              Tmut           0%         N/A       99%         5
 Metabolic Englaciation   Hex/Ice        0%         N/A       99%         5
 Simulacrum               Ice/Necr       0%         N/A       100%        6


Dungeon Overview and Level Annotations

Branches:
Dungeon (5/15)             Temple (1/1) D:4

Altars:
Ashenzari
Cheibriados
Elyvilon
Fedhas
Gozag
Hepliaklqana
Kikubaaqudgha
Makhleb
Nemelex Xobeh
Qazlal
Ru
Sif Muna
Trog
Uskayaw
Wu Jian
Xom
Yredelemnul
Zin
The Shining One

Annotations:
D:5 1 exclusion


Innate Abilities, Weirdness & Mutations

((You are very nimble when in or above water. (Stealth+, EV+, Speed+++)))
Your lower body shifts to a powerful aquatic tail in water.


Message History

The jackal barely misses your quokka.
Your quokka closely misses the jackal.
Your quokka bites the jackal.
Your hound bites the jackal.
The jackal dies!
Sif Muna accepts your kill.
You swap places.
Found a stone staircase leading down.
Found an opulent altar of Gozag.
Found a basalt altar of Yredelemnul.
You swap places.
Your quokka disappears in a puff of smoke!
There is an opulent altar of Gozag here.
There is a basalt altar of Yredelemnul here.
I - a potion of invisibility Your quokka disappears in a puff of smoke!
c - 61 stones (gained 7)
Your shadow imp disappears in a puff of smoke!
You now have 176 gold pieces (gained 9).
Found a stone staircase leading up.
A centaur comes into view.
The centaur shouts!
The centaur wields a +0 shortbow.
The centaur shoots an arrow.
The arrow hits you!
The centaur shoots an arrow.
The arrow barely misses you.
The centaur shoots an arrow.
The arrow barely misses you. The arrow closely misses your hound.
Your hound disappears in a puff of smoke!
The centaur shoots an arrow.
The arrow barely misses you.
The centaur shoots an arrow.
The arrow hits you!
The centaur shoots an arrow.
The arrow hits you!
A beastly little devil appears in a puff of frigid air.
The centaur shoots an arrow.
The arrow hits you.
* * * LOW HITPOINT WARNING * * *
Found 2 atropa-tipped darts.
Your white imp hits the centaur but does no damage.
Reach: p) +0 spear
Press: ? - help, Dir - move target, f - centaur
Aim: a centaur, wielding a +0 shortbow (ally target, about 29% to evade your +0 spear)
You reach to attack!
You hit the centaur but do no damage.
The centaur shoots an arrow.
The arrow hits you!
You die...

...#####...............#
... ##.........#.#.#.##
... ........##........#
..# .#.........#.#.#.##.
....................
.#..........#5......
........<..#hc.c....
.#...........#.....#
.....#.....@## c....
..#..#.......# .... ..
#.......# ... #........
.. ##.......# .
...........
##........#.#
###....(.....


You could see a centaur (ally target), a friendly hound (summoned) and a
friendly white imp (summoned).

Vanquished Creatures
  A scorpion (D:4)
  A gnoll (D:4)
  An adder (D:2)
  2 worms (D:2)
  2 ball pythons
  A goblin (D:4)
  A hobgoblin (D:2)
  A jackal (D:5)
  2 kobolds
12 creatures vanquished.

Vanquished Creatures (collateral kills)
  An ogre (D:3)
  A bullfrog (D:4)
  A scorpion (D:5)
  A howler monkey (D:4)
  2 hounds
  4 orc wizards
  2 gnolls (D:4)
  3 adders (D:2)
  2 worms
  2 dart slugs (D:1)
  7 orcs
  6 endoplasms
  3 giant cockroaches
  7 hobgoblins
  A jackal (D:5)
  3 quokkas
  2 ball pythons (D:1)
  4 bats
  A frilled lizard (D:1)
  5 kobolds
  3 rats
61 creatures vanquished.

Grand Total: 73 creatures vanquished

Notes
Turn   | Place    | Note
-------+----------+-------------------------------------------
     0 | D:1      | themarg the Merfolk Summoner began the quest for the Orb.
     0 | D:1      | Reached XP level 1. HP: 13/13 MP: 3/3
   201 | D:1      | Reached XP level 2. HP: 19/19 MP: 1/5
   204 | D:1      | Learned a level 2 spell: Call Imp
   483 | D:1      | Found a faded altar of an unknown god.
  1027 | D:1      | Reached XP level 3. HP: 17/24 MP: 2/6
  1031 | D:1      | Learned a level 3 spell: Call Canine Familiar
  2106 | D:2      | Reached skill level 5 in Summonings
  2242 | D:2      | Reached XP level 4. HP: 30/30 MP: 3/7
  2861 | D:3      | Found a shimmering altar of Xom.
  2949 | D:3      | Found a hide-covered altar of Uskayaw.
  2992 | D:3      | Noticed an ogre
  3000 | D:3      | Found a glowing golden altar of the Shining One.
  3022 | D:3      | Killed an ogre
  3023 | D:3      | Reached skill level 6 in Summonings
  3023 | D:3      | Reached XP level 5. HP: 35/35 MP: 1/8
  3608 | D:4      | Reached XP level 6. HP: 41/41 MP: 3/9
  3625 | D:4      | Reached skill level 7 in Summonings
  4074 | D:4      | Identified the +1 robe of Tecvyj {rN+ rCorr Stlth+}
  4296 | D:4      | Reached skill level 8 in Summonings
  4296 | D:4      | Reached XP level 7. HP: 46/46 MP: 4/10
  4420 | D:4      | Found a staircase to the Ecumenical Temple.
  4429 | Temple   | Entered the Ecumenical Temple
  4461 | Temple   | Became a worshipper of Sif Muna the Loreminder
  4521 | D:5      | Entered Level 5 of the Dungeon
  4712 | D:5      | Found a hazy altar of Hepliaklqana.
  4743 | D:5      | Found an opulent altar of Gozag.
  4744 | D:5      | Found a basalt altar of Yredelemnul.
  4789 | D:5      | Shot with an arrow by a centaur

Illustrated notes

Levels and vault maps discovered:
D:1:      zaba_arrival_water, layout_loops_corners,
          ebering_ecumenical_altar_webs, nrook_mini_backslash
D:2:      layout_basic, grunt_ministairs_13, dk_noncrumbling_3, nrook_campfire
D:3:      layout_rooms, mainiacjoe_overflow_cross_hatched,
          mainiacjoe_overflow_catwalk_spiral
D:4:      layout_cave_pools, lemuel_temple_firewalk_b
D:5:      layout_cave_pools, chequers_temple_overflow_statue_of_worship,
          serial_glass, glass_columns_b, glass_columns_b, glass_columns_b,
          glass_columns_a, glass_columns_c, glass_columns_a, glass_columns_b,
          glass_columns_c, glass_columns_b, glass_columns_a, glass_columns_c,
          glass_columns_a, glass_columns_c, glass_columns_c,
          due_unseen_surprise, minmay_strange_pillars, item_on_display_a
Temple:   nicolae_temple_ecumenical_triangle

Skill      XL: |  1  2  3  4  5  6 |
---------------+-------------------+-----
Stealth        | 3 |  3.0
Summonings     | 5 6 8 |  8.7
Dodging        | |  2.6
Spellcasting   | |  2.0

Action                     |  1- 3 |  4- 6 |  7- 9 || total
---------------------------+-------+-------+-------++-------
  Melee: Dagger            |     4 |       |       ||     4
         Spear             |    10 |    55 |    13 ||    78
         Punch             |       |     1 |     1 ||     2
         Unarmed           |       |     6 |       ||     6
   Cast: Summon Small Mamm |    32 |    15 |     6 ||    53
         Call Imp          |    17 |    17 |     4 ||    38
         Call Canine Famil |     4 |    18 |     2 ||    24
    Use: Scroll            |       |     3 |       ||     3
         Potion            |       |     2 |       ||     2
   Stab: Sleeping          |       |     1 |       ||     1
         Distracted        |       |     1 |       ||     1
 Armour: Robe              |     6 |     4 |     1 ||    11
         Skin              |       |    17 |       ||    17
  Dodge: Dodged            |     8 |    43 |    13 ||    64

Table legend: (Time is in decaauts)
 A = Elapsed time spent in this place.
 B = Non-inter-level travel time spent in this place.
 C = Inter-level travel time spent in this place.
 D = Time resting spent in this place.
 E = Time spent auto-exploring this place.
 F = Levels seen in this place.
 G = Mean time per level.
                   A        B        C        D        E       F      G
               +--------+--------+--------+--------+--------+-----+--------+
         Total |   4787 |   4661 |    126 |    426 |   3319 |   6 |  797.8 |
       Dungeon |   4741 |   4615 |    126 |    426 |   3319 |   5 |  948.2 |
        Temple |     45 |     45 |      0 |      0 |      0 |   1 |   45.0 |
               +--------+--------+--------+--------+--------+-----+--------+

Top non-repeatable levels by time:
     D:1: 1474 daAuts
     D:2: 1235 daAuts
     D:3: 988 daAuts
     D:4: 774 daAuts
     D:5: 269 daAuts
  Temple: 45 daAuts
